Map: White Rabbit LE

Players

Verme

  • Race: Protoss Protoss
  • League: Platinum
  • Spawn Location: 7:00

DmitryK - Winner!

  • Race: Terran Terran
  • League: Platinum
  • Spawn Location: 1:00

VOD

Have the link to the VOD?

Description

Time

  • Played on: March 24, 2026, 3:55 p.m.
  • Length: 6:03
Show
View Real Time Build Order
Export as new Build Order

Verme Protoss 

Build Orders:  

Get SALT Encoding   

  12  0:00  Probe  
  13  0:12  Probe  
  14  0:19  Pylon  
  14  0:24  Probe  
  15  0:33  Probe  
  15  0:38  Gateway  
  15  0:41  Probe  
  17  0:51  Assimilator, Probe  
  18  1:02  Pylon  
  18  1:04  Probe  
  19  1:16  Probe  
  20  1:27  Cybernetics Core  
  20  1:28  Probe  
  21  1:40  Probe  
  22  1:48  Nexus  
  22  1:53  Probe  
  22  1:54  Stalker  
  23  1:58  Pylon  
  23  2:08  Warp Gate  
  25  2:14  Assimilator  
  25  2:16  Probe  
  25  2:19  Stalker  
  28  2:38  Probe  
  29  2:46  Gateway  
  29  2:52  Twilight Council  
  29  2:54  Probe  
  30  3:14  Shield Battery  
  30  3:17  Stalker  
  30  3:19  Pylon  
  32  4:12  Stalker x2  
  36  4:20  Probe x2  
  38  4:28  Probe  
  38  4:29  Probe  
  38  4:35  Gateway  
  38  4:36  Gateway  
  38  4:37  Probe x2  
  38  4:38  Pylon  
  40  4:42  Robotics Facility  
  40  4:45  Stalker x2  
  46  4:46  Probe x2  
  48  4:58  Probe x2  
  48  5:08  Stalker x2  
  48  5:10  Probe x2  
  40  5:31  Stalker  
  40  5:32  Stalker x2  
  40  5:35  Stalker  
Show
View Real Time Build Order
Export as new Build Order

DmitryK Terran - Winner!

Build Orders:  

Get SALT Encoding   

  12  0:00  SCV  
  13  0:12  SCV  
  14  0:17  Supply Depot  
  14  0:24  SCV  
  15  0:39  SCV  
  15  0:40  Barracks  
  16  0:45  Refinery  
  16  0:51  SCV  
  16  0:53  Refinery  
  17  1:03  SCV  
  18  1:06  Supply Depot  
  18  1:15  SCV  
  19  1:27  Barracks Reactor  
  19  1:37  Orbital Command  
  19  1:45  Factory  
  19  2:02  SCV  
  19  2:03  Marine x2  
  22  2:14  SCV  
  23  2:21  Marine  
  24  2:30  Command Center  
  24  2:33  Marine  
  24  2:37  Factory Tech Lab  
  25  2:42  Supply Depot  
  25  2:44  SCV  
  25  2:47  Marine  
  25  2:51  Marine  
  31  2:58  Siege Tank  
  31  3:07  Starport  
  31  3:09  SCV  
  31  3:11  Marine  
  33  3:13  Marine  
  34  3:21  SCV  
  34  3:33  Marine  
  34  3:34  Marine  
  34  3:43  Siege Tank  
  34  3:44  Orbital Command  
  37  3:51  SCV  
  37  4:02  Starport Tech Lab  
  37  4:03  Marine, SCV  
  37  4:06  Marine  
  39  4:15  SCV, Cyclone  
  43  4:20  Marine  
  43  4:22  Refinery  
  43  4:24  SCV  
  45  4:27  SCV  
  46  4:32  Banshee  
  46  4:36  SCV  
  46  4:38  Marine  
  51  4:47  Cyclone  
  54  4:54  SCV  
  54  5:04  Marine x2  
  54  5:05  SCV  
  55  5:09  Factory  
  52  5:24  Marine  
  52  5:26  Siege Tank  
  56  5:30  SCV x2  
Tags
 
Add a new tag
Caveats
  • Supply blocks, unpowered buildings, or Contaminate may cause inaccurate times.
  • Supply counts are checked every 10 seconds.